| TOP OF THE 1ST |
|
Asheville Tourists batting - Pitching for Jacksonville Suns : RHP Tim Crews
|
|
Pitching: RHP Tim Crews
|
|
|
Batting: RHB Ulises Infante
|
0-0: Called Strike 0-1: Ball 1-1: Ball 2-1: Ball 3-1: Called Strike 3-2: Foul Ball, location: 2F 3-2: Foul Ball, location: 2F 3-2: SINGLE (Line Drive, 8RS, EV 98.8 MPH)
|
|
Batting: RHB Wes Robbins
|
0-0: Ball 1-0: Called Strike 1-1: Called Strike 1-2: Fly out, F4 (Line Drive, 4, EV 69.4 MPH)
|
|
Batting: LHB Mike Aldrete
|
0-0: Ball 1-0: Foul Ball, location: 2F 1-1: Called Strike 1-2: Ball 2-2: Foul Ball, location: 2F 2-2: Strikes out looking Ulises Infante is caught stealing 2nd base 2-6 Batter strikes out.
|
| Top of the 1st over - 0 runs, 1 hit, 0 errors, 0 left on base; Asheville 0 - Jacksonville 0 |
| BOTTOM OF THE 1ST |
|
Jacksonville Suns batting - Pitching for Asheville Tourists : RHP Jayden Britz
|
|
Pitching: RHP Jayden Britz
|
|
|
Batting: RHB Lyle Brackenridge
|
0-0: Ball 1-0: Ball 2-0: Ball 3-0: Base on Balls
|
|
Batting: LHB Donald Seeker
|
0-0: Called Strike 0-1: Foul Ball, location: 2F 0-2: Foul Ball, location: 2F 0-2: Ball 1-2: Fielders Choice at 2nd, 5-4 (Groundball, 56, EV 85.0 MPH)
|
|
Batting: RHB Tony Evans
|
0-0: Ball 1-0: SINGLE (Line Drive, 7S, EV 100.6 MPH) Donald Seeker to second
|
|
Batting: LHB Pete M O'Brien
|
0-0: Foul Ball, location: 2F 0-1: Swinging Strike 0-2: Strikes out swinging
|
|
Batting: RHB Edward Packard
|
0-0: Swinging Strike 0-1: Ball 1-1: Fielders Choice at 2nd, U4 (Groundball, 4M, EV 105.6 MPH)
|
| Bottom of the 1st over - 0 runs, 1 hit, 0 errors, 2 left on base; Asheville 0 - Jacksonville 0 |
| TOP OF THE 2ND |
|
Asheville Tourists batting - Pitching for Jacksonville Suns : RHP Tim Crews
|
|
Batting: LHB Donald Mazzilli
|
0-0: Foul Ball, location: 2F 0-1: Ball 1-1: Called Strike 1-2: Ball 2-2: Ground out U3 (Groundball, 3S, EV 76.9 MPH)
|
|
Batting: LHB Daniel McInerny
|
0-0: Called Strike 0-1: Ball 1-1: Foul Ball, location: 2F 1-2: Strikes out looking
|
|
Batting: RHB Jack Ramirez
|
0-0: Swinging Strike 0-1: Ball 1-1: Fly out, F8 (Flyball, 8LM, EV 81.9 MPH)
|
| Top of the 2nd over - 0 runs, 0 hits, 0 errors, 0 left on base; Asheville 0 - Jacksonville 0 |
| BOTTOM OF THE 2ND |
|
Jacksonville Suns batting - Pitching for Asheville Tourists : RHP Jayden Britz
|
|
Batting: LHB Dave Baker
|
0-0: TRIPLE (Groundball, 3L, EV 98.8 MPH)
|
|
Batting: LHB Michael Kelly
|
0-0: Foul Ball, location: 2F 0-1: Swinging Strike Passed Ball! Dave Baker scores 0-2: Fly out, F8 (Flyball, 8RXD, EV 93.8 MPH)
|
|
Batting: RHB Mark Nocciolo
|
0-0: Called Strike 0-1: Foul Ball, location: 2F 0-2: Ball 1-2: Ball 2-2: Ball 3-2: Base on Balls
|
|
Batting: RHB Henry Powell
|
0-0: Ball 1-0: Reached on error, E2 (Groundball, 15S, EV 67.5 MPH) Mark Nocciolo to third
|
|
Batting: RHB Lyle Brackenridge
|
0-0: Foul Ball, location: 2F 0-1: Ball 1-1: Foul Ball, location: 2F 1-2: Ball 2-2: Foul Ball, location: 2F 2-2: Ball 3-2: Foul Ball, location: 2F 3-2: Reached on error, E8 (Flyball, 78D, EV 101.3 MPH) Mark Nocciolo scores Henry Powell to third
|
|
Batting: LHB Donald Seeker
|
0-0: Called Strike 0-1: Ball 1-1: Ball 2-1: Fly out, F8 (Flyball, 8LM, EV 78.1 MPH)
|
|
Batting: RHB Tony Evans
|
0-0: Ball 1-0: Ball 2-0: Called Strike 2-1: Foul Ball, location: 2F 2-2: Foul Ball, location: 2F 2-2: Strikes out swinging
|
| Bottom of the 2nd over - 2 runs, 1 hit, 2 errors, 2 left on base; Asheville 0 - Jacksonville 2 |
| TOP OF THE 3RD |
|
Asheville Tourists batting - Pitching for Jacksonville Suns : RHP Tim Crews
|
|
Batting: SHB Wayne Simmons
|
0-0: Ball 1-0: Called Strike 1-1: SINGLE (Groundball, 3D, EV 98.1 MPH)
|
|
Batting: RHB Scott Thayer
|
0-0: Ball 1-0: Called Strike 1-1: Ball 2-1: Fly out, F4 (Flyball, 34D, EV 86.9 MPH)
|
|
Batting: RHB Thomas Wright
|
0-0: Called Strike 0-1: Swinging Strike 0-2: Foul Ball, location: 2F 0-2: Ball 1-2: Ball Wayne Simmons is caught stealing 2nd base 2-4 2-2: Strikes out looking
|
| Top of the 3rd over - 0 runs, 1 hit, 0 errors, 0 left on base; Asheville 0 - Jacksonville 2 |
| BOTTOM OF THE 3RD |
|
Jacksonville Suns batting - Pitching for Asheville Tourists : RHP Jayden Britz
|
|
Batting: LHB Pete M O'Brien
|
0-0: Called Strike 0-1: Ball 1-1: Foul Ball, location: 2F 1-2: Fly out, F7 (Flyball, 78D, EV 101.9 MPH)
|
|
Batting: RHB Edward Packard
|
0-0: Called Strike 0-1: Ball 1-1: Swinging Strike 1-2: Strikes out swinging, 2-3 out at first.
|
|
Batting: LHB Dave Baker
|
0-0: Ball 1-0: Ball 2-0: Ground out 1-3 (Groundball, 13S, EV 73.1 MPH)
|
| Bottom of the 3rd over - 0 runs, 0 hits, 0 errors, 0 left on base; Asheville 0 - Jacksonville 2 |
| TOP OF THE 4TH |
|
Asheville Tourists batting - Pitching for Jacksonville Suns : RHP Tim Crews
|
|
Batting: RHB Ulises Infante
|
0-0: Called Strike 0-1: Ball 1-1: Ball 2-1: Ball 3-1: Ground out 3-1 (Groundball, 34S, EV 83.8 MPH)
|
|
Batting: RHB Wes Robbins
|
0-0: Called Strike 0-1: Ball 1-1: Ball 2-1: Ball 3-1: Ground out 4-3 (Groundball, 4, EV 107.5 MPH)
|
|
Batting: LHB Mike Aldrete
|
0-0: Ball 1-0: Called Strike 1-1: Foul Ball, location: 2F 1-2: Ball 2-2: Foul Ball, location: 2F 2-2: Ball 3-2: DOUBLE (Flyball, 8RXD, EV 103.8 MPH)
|
|
Batting: LHB Donald Mazzilli
|
0-0: Ball 1-0: Ball 2-0: Foul Ball, location: 2F 2-1: Ground out 2-3 (Groundball, 2R, EV 73.1 MPH)
|
| Top of the 4th over - 0 runs, 1 hit, 0 errors, 1 left on base; Asheville 0 - Jacksonville 2 |
| BOTTOM OF THE 4TH |
|
Jacksonville Suns batting - Pitching for Asheville Tourists : RHP Jayden Britz
|
|
Batting: LHB Michael Kelly
|
0-0: Called Strike 0-1: Foul Ball, location: 2F 0-2: Fly out, F8 (Flyball, 78XD, EV 95.0 MPH)
|
|
Batting: RHB Mark Nocciolo
|
0-0: Ball 1-0: Called Strike 1-1: Foul Ball, location: 2F 1-2: Ball 2-2: Ball 3-2: Ground out 5-3 (Groundball, 56S, EV 71.3 MPH)
|
|
Batting: RHB Henry Powell
|
0-0: Called Strike 0-1: Ground out 4-3 (Groundball, 4, EV 98.8 MPH)
|
| Bottom of the 4th over - 0 runs, 0 hits, 0 errors, 0 left on base; Asheville 0 - Jacksonville 2 |
| TOP OF THE 5TH |
|
Asheville Tourists batting - Pitching for Jacksonville Suns : RHP Tim Crews
|
|
Batting: LHB Daniel McInerny
|
0-0: DOUBLE (Flyball, 8LXD, EV 102.5 MPH)
|
|
Batting: RHB Jack Ramirez
|
0-0: Ball 1-0: Foul Ball, location: 2F 1-1: Swinging Strike 1-2: Ball 2-2: Strikes out swinging
|
|
Batting: SHB Wayne Simmons
|
0-0: Ground out 1-3 (Groundball, 15S, EV 66.3 MPH)
|
|
Batting: RHB Scott Thayer
|
0-0: Called Strike 0-1: Ball 1-1: Ball 2-1: Called Strike 2-2: 2-RUN HOME RUN (Line Drive, 78XD, EV 103.8 MPH), Distance : 421 ft
|
|
Batting: RHB Thomas Wright
|
0-0: TRIPLE (Flyball, 9LD, EV 96.9 MPH)
|
|
Batting: RHB Ulises Infante
|
0-0: Ball 1-0: Foul Ball, location: 2F 1-1: Ball 2-1: Called Strike 2-2: Ball 3-2: Foul Ball, location: 2F 3-2: Fly out, F9 (Flyball, 9S, EV 89.4 MPH)
|
| Top of the 5th over - 2 runs, 3 hits, 0 errors, 1 left on base; Asheville 2 - Jacksonville 2 |
| BOTTOM OF THE 5TH |
|
Jacksonville Suns batting - Pitching for Asheville Tourists : RHP Jayden Britz
|
|
Batting: RHB Lyle Brackenridge
|
0-0: Foul Ball, location: 2F 0-1: Ball 1-1: Fly out, F8 (Flyball, 8LS, EV 93.8 MPH)
|
|
Batting: LHB Donald Seeker
|
0-0: SOLO HOME RUN (Flyball, 9D, EV 98.1 MPH), Distance : 355 ft
|
|
Batting: RHB Tony Evans
|
0-0: Ball 1-0: Ball 2-0: Ball 3-0: Base on Balls
|
|
Batting: LHB Pete M O'Brien
|
0-0: Ball 1-0: Called Strike 1-1: Ball 2-1: Fielders Choice at 2nd, 1-6 (Groundball, 34S, EV 61.9 MPH)
|
|
Batting: RHB Edward Packard
|
0-0: Ball 1-0: Swinging Strike 1-1: Ball 2-1: Called Strike 2-2: Foul Ball, location: 2F 2-2: SINGLE (Line Drive, 7S, EV 95.0 MPH) Pete M O'Brien to second
|
|
Batting: LHB Dave Baker
|
0-0: Ball 1-0: Foul Ball, location: 2F 1-1: Foul Ball, location: 2F 1-2: Foul Ball, location: 2F 1-2: Strikes out looking
|
| Bottom of the 5th over - 1 run, 2 hits, 0 errors, 2 left on base; Asheville 2 - Jacksonville 3 |
| TOP OF THE 6TH |
|
Asheville Tourists batting - Pitching for Jacksonville Suns : RHP Tim Crews
|
|
Batting: RHB Wes Robbins
|
0-0: Ball 1-0: Called Strike 1-1: SINGLE (Line Drive, 8RS, EV 101.9 MPH)
|
|
Batting: LHB Mike Aldrete
|
0-0: Ball 1-0: Called Strike 1-1: Ball 2-1: Foul Ball, location: 2F 2-2: Ball 3-2: Foul Ball, location: 2F 3-2: DOUBLE (Line Drive, 8LD, EV 114.4 MPH) Wes Robbins to third Wes Robbins scores
|
|
Batting: LHB Donald Mazzilli
|
0-0: Intentional Walk
|
|
Batting: LHB Daniel McInerny
|
0-0: 3-RUN HOME RUN (Flyball, 89XD, EV 105.6 MPH), Distance : 387 ft
|
|
Pitching: RHP Michael Villegas
|
|
|
Batting: RHB Jack Ramirez
|
0-0: Ball 1-0: Ball 2-0: Ball 3-0: Called Strike 3-1: Swinging Strike 3-2: SINGLE (Line Drive, 8LM, EV 95.0 MPH)
|
|
Batting: SHB Wayne Simmons
|
0-0: Bunt missed! 0-1: Ball 1-1: Bunted foul 1-2: Ball 2-2: Ball 3-2: SINGLE (Line Drive, 89M, EV 96.3 MPH) Jack Ramirez to second Jack Ramirez to third
|
|
Batting: RHB Scott Thayer
|
0-0: Called Strike 0-1: Ball 1-1: Swinging Strike 1-2: Grounds into double play, 6-4-3 (Groundball, 6, EV 102.5 MPH) Jack Ramirez scores
|
|
Batting: RHB Thomas Wright
|
0-0: Swinging Strike 0-1: Called Strike 0-2: Ball 1-2: Strikes out looking
|
| Top of the 6th over - 5 runs, 5 hits, 0 errors, 0 left on base; Asheville 7 - Jacksonville 3 |
| BOTTOM OF THE 6TH |
|
Jacksonville Suns batting - Pitching for Asheville Tourists : RHP Jayden Britz
|
|
Batting: LHB Michael Kelly
|
0-0: Ball 1-0: Foul Ball, location: 2F 1-1: Foul Ball, location: 2F 1-2: Ground out 4-3 (Groundball, 4, EV 105.6 MPH)
|
|
Batting: RHB Mark Nocciolo
|
0-0: Ball 1-0: Ball 2-0: Ball 3-0: Base on Balls
|
|
Batting: RHB Henry Powell
|
0-0: Called Strike 0-1: Ball 1-1: Foul Ball, location: 2F 1-2: Foul Ball, location: 2F 1-2: Strikes out swinging
|
|
Batting: RHB Lyle Brackenridge
|
0-0: Called Strike 0-1: Fielders Choice at 2nd, 6-4 (Groundball, 6, EV 90.6 MPH)
|
| Bottom of the 6th over - 0 runs, 0 hits, 0 errors, 1 left on base; Asheville 7 - Jacksonville 3 |
| TOP OF THE 7TH |
|
Asheville Tourists batting - Pitching for Jacksonville Suns : RHP Michael Villegas
|
|
Batting: RHB Ulises Infante
|
0-0: Called Strike 0-1: Ball 1-1: Swinging Strike 1-2: Ball 2-2: Strikes out swinging
|
|
Batting: RHB Wes Robbins
|
0-0: Ball 1-0: Called Strike 1-1: Foul Ball, location: 2F 1-2: Ball 2-2: Ball 3-2: Reached on error, E8 (Line Drive, 8LD, EV 91.9 MPH)
|
|
Batting: LHB Mike Aldrete
|
0-0: Ball 1-0: Called Strike 1-1: Ball 2-1: 2-RUN HOME RUN (Flyball, 9D, EV 100.0 MPH), Distance : 355 ft
|
|
Batting: LHB Donald Mazzilli
|
0-0: Called Strike 0-1: Foul Ball, location: 2F 0-2: SINGLE (Groundball, 13, EV 78.1 MPH) (infield hit)
|
|
Batting: LHB Daniel McInerny
|
0-0: Called Strike 0-1: Foul Ball, location: 2F 0-2: Strikes out looking
|
|
Batting: RHB Jack Ramirez
|
0-0: Ball 1-0: Ball 2-0: Fielders Choice at 2nd, 6-4 (Groundball, 6, EV 84.4 MPH)
|
| Top of the 7th over - 2 runs, 2 hits, 1 error, 1 left on base; Asheville 9 - Jacksonville 3 |
| BOTTOM OF THE 7TH |
|
Jacksonville Suns batting - Pitching for Asheville Tourists : RHP Jayden Britz
|
|
Batting: LHB Donald Seeker
|
0-0: Ball 1-0: Swinging Strike 1-1: Foul Ball, location: 2F 1-2: Ball 2-2: Ball 3-2: Foul Ball, location: 2F 3-2: Strikes out swinging
|
|
Batting: RHB Tony Evans
|
0-0: Foul Ball, location: 2F 0-1: Ball 1-1: Called Strike 1-2: Ball 2-2: Ball 3-2: Strikes out swinging, 2-3 out at first.
|
|
Batting: LHB Pete M O'Brien
|
0-0: Ball 1-0: Fly out, F6 (Popup, 6, EV 78.8 MPH)
|
| Bottom of the 7th over - 0 runs, 0 hits, 0 errors, 0 left on base; Asheville 9 - Jacksonville 3 |
| TOP OF THE 8TH |
|
Asheville Tourists batting - Pitching for Jacksonville Suns : RHP Michael Villegas
|
|
Batting: SHB Wayne Simmons
|
0-0: Called Strike 0-1: Foul Ball, location: 2F 0-2: Ball 1-2: Ground out 5-3 (Groundball, 5L, EV 102.5 MPH)
|
|
Batting: RHB Scott Thayer
|
0-0: Swinging Strike 0-1: Ball 1-1: Called Strike 1-2: Fly out, F8 (Flyball, 8LM, EV 93.8 MPH)
|
|
Batting: RHB Thomas Wright
|
0-0: Foul Ball, location: 2F 0-1: SINGLE (Flyball, 89S, EV 89.4 MPH)
|
|
Batting: RHB Ulises Infante
|
0-0: Ball 1-0: Fly out, F6 (Popup, 6, EV 51.9 MPH)
|
| Top of the 8th over - 0 runs, 1 hit, 0 errors, 1 left on base; Asheville 9 - Jacksonville 3 |
| BOTTOM OF THE 8TH |
|
Jacksonville Suns batting - Pitching for Asheville Tourists : RHP Jayden Britz
|
|
Batting: RHB Edward Packard
|
0-0: Foul Ball, location: 2F 0-1: Swinging Strike 0-2: Ball 1-2: Ball 2-2: Foul Ball, location: 2F 2-2: Fly out, F8 (Line Drive, 8LM, EV 95.6 MPH)
|
|
Batting: LHB Dave Baker
|
0-0: Called Strike 0-1: Foul Ball, location: 2F 0-2: Ball 1-2: SOLO HOME RUN (Flyball, 89XD, EV 109.4 MPH) (Inside the Park)
|
|
Batting: LHB Michael Kelly
|
0-0: Called Strike 0-1: Ball 1-1: Foul Ball, location: 2F 1-2: Strikes out swinging
|
|
Batting: RHB Mark Nocciolo
|
0-0: Called Strike 0-1: Reached on error, E5 (Groundball, 5, EV 92.5 MPH)
|
|
Batting: RHB Henry Powell
|
0-0: Ball 1-0: Ball 2-0: Called Strike 2-1: Foul Ball, location: 2F 2-2: Ball 3-2: Reached on error, E6 (Groundball, 56, EV 105.6 MPH) Mark Nocciolo to second
|
|
Batting: RHB Lyle Brackenridge
|
0-0: Called Strike 0-1: Called Strike 0-2: Foul Ball, location: 2F 0-2: Foul Ball, location: 2F 0-2: Strikes out swinging
|
| Bottom of the 8th over - 1 run, 1 hit, 2 errors, 2 left on base; Asheville 9 - Jacksonville 4 |
| TOP OF THE 9TH |
|
Asheville Tourists batting - Pitching for Jacksonville Suns : RHP Michael Villegas
|
|
Batting: RHB Wes Robbins
|
0-0: Called Strike 0-1: Fly out, F7 (Flyball, 7LS, EV 88.1 MPH)
|
|
Batting: LHB Mike Aldrete
|
0-0: Foul Ball, location: 2F 0-1: Called Strike 0-2: Ground out U3 (Groundball, 3, EV 81.9 MPH)
|
|
Batting: LHB Donald Mazzilli
|
0-0: Ball 1-0: Called Strike 1-1: Swinging Strike 1-2: Ball 2-2: Strikes out swinging
|
| Top of the 9th over - 0 runs, 0 hits, 0 errors, 0 left on base; Asheville 9 - Jacksonville 4 |
| BOTTOM OF THE 9TH |
|
Jacksonville Suns batting - Pitching for Asheville Tourists : RHP Jayden Britz
|
|
Batting: LHB Donald Seeker
|
0-0: Foul Ball, location: 2F 0-1: DOUBLE (Groundball, 5L, EV 101.9 MPH)
|
|
Pitching: RHP Frank DeJiulio
|
|
|
Batting: RHB Tony Evans
|
0-0: Called Strike 0-1: Ball 1-1: Swinging Strike 1-2: Strikes out swinging
|
|
Batting: LHB Pete M O'Brien
|
0-0: Ball 1-0: Fly out, F6 (Flyball, 56D, EV 78.8 MPH)
|
|
Batting: RHB Edward Packard
|
0-0: Called Strike 0-1: Foul Ball, location: 2F 0-2: 2-RUN HOME RUN (Flyball, 7LD, EV 97.5 MPH), Distance : 351 ft
|
|
Batting: LHB Dave Baker
|
0-0: Ball 1-0: Foul Ball, location: 2F 1-1: TRIPLE (Line Drive, 89XD, EV 106.9 MPH)
|
|
Batting: LHB Michael Kelly
|
0-0: Ball 1-0: Called Strike 1-1: Ball 2-1: Called Strike 2-2: Ball 3-2: Ground out 6-3 (Groundball, 6, EV 89.4 MPH)
|
| Bottom of the 9th over - 2 runs, 3 hits, 0 errors, 1 left on base; Asheville 9 - Jacksonville 6 |
|